SA
ATHLETIC CLUB KC U-24 @ CONNETQUOT CHIEFS
08/10/2033
 
TOP OF THE 1ST
Athletic Club KC U-24 batting - Pitching for Connetquot Chiefs : RHP Joe Wilson
Pitching: RHP Joe Wilson
Batting: LHB Miguel Vásquez 0-0: Called Strike
0-1: Ground out U3 (Groundball, 3)
Batting: LHB Jason Ward 0-0: Ball
1-0: Called Strike
1-1: Foul Ball, location: 2F
1-2: Foul Ball, location: 2F
1-2: Ball
2-2: Ball
3-2: Strikes out looking
Batting: RHB Jihan Tuah 0-0: Ball
1-0: Ball
2-0: Swinging Strike
2-1: Ball
3-1: Foul Ball, location: 2F
3-2: Base on Balls
Batting: RHB Mario Truxillo 0-0: Called Strike
0-1: Ball
1-1: SINGLE (Flyball, 78M)
Jihan Tuah to second
Batting: RHB Wilton Banks 0-0: Foul Ball, location: 2F
0-1: SINGLE (Flyball, 34D)
Jihan Tuah to third
Mario Truxillo to second
Runner from 3rd tries for Home, SAFE, no throw
Batting: RHB Jon Hall 0-0: Foul Ball, location: 2F
0-1: Called Strike
0-2: Strikes out looking
Top of the 1st over - 1 run, 2 hits, 0 errors, 2 left on base; Athletic Club KC 1 - Connetquot 0
BOTTOM OF THE 1ST
Connetquot Chiefs batting - Pitching for Athletic Club KC U-24 : RHP António Martínez
Pitching: RHP António Martínez
Batting: RHB Jorge Rodríguez 0-0: Called Strike
0-1: Ball
1-1: Foul Ball, location: 2F
1-2: Foul Ball, location: 2F
1-2: Foul Ball, location: 2F
1-2: Foul Ball, location: 2F
1-2: Ball
2-2: Foul Ball, location: 2F
2-2: Ball
3-2: Foul Ball, location: 2F
3-2: Base on Balls
Batting: RHB Javier De La Garza 0-0: Ball
1-0: Ball
2-0: Foul Ball, location: 2F
2-1: SINGLE (Flyball, 89M)
Jorge Rodríguez to second
Runner from 2nd tries for 3rd, SAFE, no throw
Batting: LHB Dallas McMurran 0-0: Ball
Javier De La Garza steals 2nd base
1-0: SINGLE (Groundball, 34D)
Jorge Rodríguez scores
Javier De La Garza to third
Runner from 3rd tries for Home, SAFE, no throw
Batting: LHB Ángel Ríos 0-0: Ball
1-0: Foul Ball, location: 2F
1-1: Ball
Dallas McMurran steals 2nd base
2-1: Called Strike
2-2: Foul Ball, location: 2F
2-2: Ball
Wild Pitch!
Dallas McMurran to third
3-2: SINGLE (Line Drive, 8RS)
Dallas McMurran scores
Batting: RHB John Shultz 0-0: SINGLE (Line Drive, 8RS)
Ángel Ríos to second
Batting: LHB Dennis Chase 0-0: Called Strike
0-1: Fly out, F6 (Popup, 6M)
Batting: SHB Alexei Ponikarov 0-0: Ball
1-0: Called Strike
1-1: Ball
2-1: Fly out, F7 (Line Drive, 7LS)
Batting: LHB Andrés Rodríguez 0-0: Swinging Strike
0-1: Ball
1-1: Ball
2-1: Called Strike
2-2: Ground out 4-3 (Groundball, 4S)
Bottom of the 1st over - 3 runs, 4 hits, 0 errors, 2 left on base; Athletic Club KC 1 - Connetquot 3
TOP OF THE 2ND
Athletic Club KC U-24 batting - Pitching for Connetquot Chiefs : RHP Joe Wilson
Batting: RHB Bobby McFillin 0-0: Ball
1-0: Ball
2-0: Fly out, F8 (Flyball, 8RD)
Batting: RHB Andy Roarick 0-0: Ball
1-0: Ball
2-0: Foul Ball, location: 2F
2-1: Foul Ball, location: 2F
2-2: Ball
3-2: Base on Balls
Batting: RHB Juan Jose Rangel 0-0: Called Strike
0-1: Ball
1-1: Called Strike
Andy Roarick is caught stealing 2nd base
1-2: Strikes out swinging
Top of the 2nd over - 0 runs, 0 hits, 0 errors, 0 left on base; Athletic Club KC 1 - Connetquot 3
BOTTOM OF THE 2ND
Connetquot Chiefs batting - Pitching for Athletic Club KC U-24 : RHP António Martínez
Batting: RHB Wes O'Mulhill 0-0: Ball
1-0: Fly out, F8 (Flyball, 8LD)
Batting: RHB Jorge Rodríguez 0-0: Ball
1-0: Foul Ball, location: 2F
1-1: Ball
2-1: Swinging Strike
2-2: Ball
3-2: Ground out 6-3 (Groundball, 6)
Batting: RHB Javier De La Garza 0-0: Foul Ball, location: 2F
0-1: Ball
1-1: Foul Ball, location: 2F
1-2: Strikes out swinging
Bottom of the 2nd over - 0 runs, 0 hits, 0 errors, 0 left on base; Athletic Club KC 1 - Connetquot 3
TOP OF THE 3RD
Athletic Club KC U-24 batting - Pitching for Connetquot Chiefs : RHP Joe Wilson
Batting: LHB Miguel Vásquez 0-0: SINGLE (Line Drive, 8RS)
Batting: LHB Jason Ward 0-0: Ball
Wild Pitch!
Miguel Vásquez to second
1-0: Foul Ball, location: 2F
1-1: Ball
2-1: Foul Ball, location: 2F
2-2: Ball
3-2: Ground out 6-3 (Groundball, 6)
Batting: RHB Jihan Tuah 0-0: Ball
1-0: Ball
2-0: Ball
3-0: Base on Balls
Batting: RHB Mario Truxillo 0-0: Ball
1-0: Swinging Strike
1-1: Swinging Strike
1-2: Ball
2-2: Strikes out swinging
Batting: RHB Wilton Banks 0-0: Called Strike
0-1: Ground out U3 (Groundball, 34)
Top of the 3rd over - 0 runs, 1 hit, 0 errors, 2 left on base; Athletic Club KC 1 - Connetquot 3
BOTTOM OF THE 3RD
Connetquot Chiefs batting - Pitching for Athletic Club KC U-24 : RHP António Martínez
Batting: LHB Dallas McMurran 0-0: Ball
1-0: Ball
2-0: Ball
3-0: Called Strike
3-1: Swinging Strike
3-2: Ground out 1-3 (Groundball, P)
Batting: LHB Ángel Ríos 0-0: Ball
1-0: SINGLE (Groundball, 6MD)
Batting: RHB John Shultz 0-0: Ball
1-0: Foul Ball, location: 2F
1-1: Fly out, F9 (Flyball, 9D)
Batting: LHB Dennis Chase 0-0: Ball
1-0: Swinging Strike
1-1: Called Strike
1-2: Reached via error on a dropped throw, E1
Ángel Ríos to second
Batting: SHB Alexei Ponikarov 0-0: Ball
1-0: Ball
2-0: Called Strike
2-1: Fly out, F8 (Flyball, 8LD)
Bottom of the 3rd over - 0 runs, 1 hit, 1 error, 2 left on base; Athletic Club KC 1 - Connetquot 3
TOP OF THE 4TH
Athletic Club KC U-24 batting - Pitching for Connetquot Chiefs : RHP Joe Wilson
Batting: RHB Jon Hall 0-0: Ball
1-0: Called Strike
1-1: Ball
2-1: Ball
3-1: DOUBLE (Flyball, 8RXD)
Batting: RHB Bobby McFillin 0-0: Ball
1-0: Ball
2-0: Called Strike
2-1: Foul Ball, location: 2F
2-2: Ball
3-2: Ground out 4-3 (Groundball, 4M)
Jon Hall to third
Batting: RHB Andy Roarick 0-0: Ball
1-0: 2-RUN HOME RUN (Flyball, 7D), Distance : 415 ft
Batting: RHB Juan Jose Rangel 0-0: Ball
1-0: Called Strike
1-1: Swinging Strike
1-2: Foul Ball, location: 2F
1-2: Foul Ball, location: 2F
1-2: Ball
2-2: Ground out U3 (Groundball, 34S)
Batting: LHB Miguel Vásquez 0-0: Swinging Strike
0-1: Ball
1-1: Ball
2-1: Ball
3-1: Swinging Strike
3-2: Base on Balls
Batting: LHB Jason Ward 0-0: Called Strike
0-1: Swinging Strike
0-2: Strikes out swinging, 2-3 out at first.
Top of the 4th over - 2 runs, 2 hits, 0 errors, 1 left on base; Athletic Club KC 3 - Connetquot 3
BOTTOM OF THE 4TH
Connetquot Chiefs batting - Pitching for Athletic Club KC U-24 : RHP António Martínez
Batting: LHB Andrés Rodríguez 0-0: Ball
1-0: Foul Ball, location: 2F
1-1: Called Strike
1-2: Ball
2-2: Strikes out swinging
Batting: RHB Wes O'Mulhill 0-0: Swinging Strike
0-1: Ball
1-1: Foul Ball, location: 2F
1-2: Ball
2-2: Strikes out swinging
Batting: RHB Jorge Rodríguez 0-0: Foul Ball, location: 2F
0-1: Hit by Pitch
Batting: RHB Javier De La Garza 0-0: Called Strike
0-1: Ball
1-1: Called Strike
1-2: Foul Ball, location: 2F
1-2: Foul Ball, location: 2F
1-2: Foul Ball, location: 2F
1-2: Strikes out looking
Bottom of the 4th over - 0 runs, 0 hits, 0 errors, 1 left on base; Athletic Club KC 3 - Connetquot 3
TOP OF THE 5TH
Athletic Club KC U-24 batting - Pitching for Connetquot Chiefs : RHP Joe Wilson
Batting: RHB Jihan Tuah 0-0: Swinging Strike
0-1: Fly out, F5 (Line Drive, 56)
Batting: RHB Mario Truxillo 0-0: Called Strike
0-1: SINGLE (Line Drive, 7S)
Batting: RHB Wilton Banks 0-0: Ball
1-0: Foul Ball, location: 2F
1-1: Swinging Strike
1-2: Strikes out swinging
Batting: RHB Jon Hall 0-0: Ball
1-0: Called Strike
Mario Truxillo steals 2nd base
1-1: Called Strike
1-2: Strikes out swinging
Top of the 5th over - 0 runs, 1 hit, 0 errors, 1 left on base; Athletic Club KC 3 - Connetquot 3
BOTTOM OF THE 5TH
Connetquot Chiefs batting - Pitching for Athletic Club KC U-24 : RHP António Martínez
Batting: LHB Dallas McMurran 0-0: Ball
1-0: Ball
2-0: Ball
3-0: Called Strike
3-1: Foul Ball, location: 2F
3-2: Ground out 1-3 (Groundball, 13S)
Pitching: RHP Roberto Martínez
Batting: LHB Ángel Ríos 0-0: Called Strike
0-1: Fly out, F6 (Line Drive, 6)
Batting: RHB John Shultz 0-0: Ball
1-0: Ball
2-0: Called Strike
2-1: Ball
3-1: Called Strike
3-2: SINGLE (Groundball, 6MD)
Batting: LHB Dennis Chase 0-0: Ball
1-0: Ball
2-0: Swinging Strike
2-1: Swinging Strike
2-2: Ball
3-2: Strikes out swinging
Bottom of the 5th over - 0 runs, 1 hit, 0 errors, 1 left on base; Athletic Club KC 3 - Connetquot 3
TOP OF THE 6TH
Athletic Club KC U-24 batting - Pitching for Connetquot Chiefs : RHP Joe Wilson
Batting: RHB Bobby McFillin 0-0: Ground out 6-3 (Groundball, 6)
Batting: RHB Andy Roarick 0-0: Ball
1-0: Swinging Strike
1-1: Fly out, F8 (Line Drive, 8LM)
Batting: RHB Juan Jose Rangel 0-0: Called Strike
0-1: Fly out, F7 (Flyball, 7LSF)
Top of the 6th over - 0 runs, 0 hits, 0 errors, 0 left on base; Athletic Club KC 3 - Connetquot 3
BOTTOM OF THE 6TH
Connetquot Chiefs batting - Pitching for Athletic Club KC U-24 : RHP Roberto Martínez
Batting: SHB Alexei Ponikarov 0-0: Called Strike
0-1: Foul Ball, location: 2F
0-2: Ball
1-2: Foul Ball, location: 2F
1-2: Ball
2-2: Strikes out swinging
Batting: LHB Andrés Rodríguez 0-0: Called Strike
0-1: Foul Ball, location: 2F
0-2: Strikes out swinging
Batting: RHB Wes O'Mulhill 0-0: Ground out 6-3 (Groundball, 56)
Bottom of the 6th over - 0 runs, 0 hits, 0 errors, 0 left on base; Athletic Club KC 3 - Connetquot 3
TOP OF THE 7TH
Athletic Club KC U-24 batting - Pitching for Connetquot Chiefs : RHP Joe Wilson
Batting: LHB Miguel Vásquez 0-0: Called Strike
0-1: Foul Ball, location: 2F
0-2: Ball
1-2: Foul Ball, location: 2F
1-2: Strikes out swinging
Batting: LHB Jason Ward 0-0: Called Strike
0-1: Called Strike
0-2: Fly out, F9 (Flyball, 9LS)
Batting: RHB Jihan Tuah 0-0: Called Strike
0-1: Ball
1-1: Ground out 4-3 (Groundball, 4)
Top of the 7th over - 0 runs, 0 hits, 0 errors, 0 left on base; Athletic Club KC 3 - Connetquot 3
BOTTOM OF THE 7TH
Connetquot Chiefs batting - Pitching for Athletic Club KC U-24 : RHP Roberto Martínez
Batting: RHB Jorge Rodríguez 0-0: Ball
1-0: Ball
2-0: Ball
3-0: Base on Balls
Batting: RHB Javier De La Garza 0-0: Called Strike
Jorge Rodríguez is caught stealing 2nd base
0-1: Swinging Strike
0-2: Strikes out swinging
Batting: LHB Dallas McMurran 0-0: Called Strike
0-1: Ball
1-1: Foul Ball, location: 2F
1-2: Ball
2-2: Foul Ball, location: 2F
2-2: Foul Ball, location: 2F
2-2: Hit by Pitch
Batting: LHB Ángel Ríos 0-0: Ball
Dallas McMurran is caught stealing 2nd base
Bottom of the 7th over - 0 runs, 0 hits, 0 errors, 0 left on base; Athletic Club KC 3 - Connetquot 3
TOP OF THE 8TH
Athletic Club KC U-24 batting - Pitching for Connetquot Chiefs : RHP Joe Wilson
Batting: RHB Mario Truxillo 0-0: Ball
1-0: Ball
2-0: Ground out 5-3 (Groundball, 56)
Batting: RHB Wilton Banks 0-0: Foul Ball, location: 2F
0-1: Foul Ball, location: 2F
0-2: Ball
1-2: Foul Ball, location: 2F
1-2: Ball
2-2: Ball
3-2: Foul Ball, location: 2F
3-2: Base on Balls
Pitching: RHP Ramón Galván
Batting: RHB Jon Hall 0-0: Foul Ball, location: 2F
0-1: Ball
1-1: Ball
2-1: Ball
3-1: Foul Ball, location: 2F
3-2: Foul Ball, location: 2F
3-2: Foul Ball, location: 2F
3-2: Base on Balls
Wilton Banks to second
Batting: RHB Bobby McFillin 0-0: Called Strike
0-1: SINGLE (Groundball, 6MD)
Wilton Banks to third
Jon Hall to second
Runner from 3rd tries for Home, SAFE, no throw
Batting: RHB Andy Roarick 0-0: Ball
1-0: Called Strike
1-1: Ball
2-1: Ball
3-1: Called Strike
3-2: Ground out 6-3 (Groundball, 56D)
Jon Hall to third
Bobby McFillin to second
Batting: RHB Juan Jose Rangel 0-0: Ball
1-0: Foul Ball, location: 2F
1-1: Fly out, F7 (Flyball, 7S)
Top of the 8th over - 1 run, 1 hit, 0 errors, 2 left on base; Athletic Club KC 4 - Connetquot 3
BOTTOM OF THE 8TH
Connetquot Chiefs batting - Pitching for Athletic Club KC U-24 : RHP Roberto Martínez
Now at C: José García
Batting: LHB Ángel Ríos 0-0: Called Strike
0-1: Ball
1-1: Ball
2-1: Ground out 4-3 (Groundball, 4)
Batting: RHB John Shultz 0-0: Ball
1-0: Called Strike
1-1: SINGLE (Line Drive, 89S)
Pitching: LHP Augusto Martínez
Pinch Hitting: RHB Taua Naituyaga 0-0: Ball
1-0: Sac Bunt - play at first, batter OUT! 1-4
John Shultz to second
Batting: SHB Alexei Ponikarov 0-0: Ball
1-0: Swinging Strike
1-1: Foul Ball, location: 2F
1-2: Ball
2-2: Strikes out swinging
Bottom of the 8th over - 0 runs, 1 hit, 0 errors, 1 left on base; Athletic Club KC 4 - Connetquot 3
TOP OF THE 9TH
Athletic Club KC U-24 batting - Pitching for Connetquot Chiefs : RHP Ramón Galván
Pitching: RHP Ed Molloy
Now at 2B: Taua Naituyaga
Batting: LHB Miguel Vásquez 0-0: Ground out 5-3 (Groundball, 56S)
Batting: LHB Jason Ward 0-0: Called Strike
0-1: Called Strike
0-2: Strikes out swinging
Batting: RHB Jihan Tuah 0-0: Ground out 5-3 (Groundball, 56S)
Top of the 9th over - 0 runs, 0 hits, 0 errors, 0 left on base; Athletic Club KC 4 - Connetquot 3
BOTTOM OF THE 9TH
Connetquot Chiefs batting - Pitching for Athletic Club KC U-24 : LHP Augusto Martínez
Now at SS: Lester Wilson
Pinch Hitting: RHB Domingo Morín 0-0: Foul Ball, location: 2F
0-1: Ball
1-1: Ball
2-1: Ball
3-1: SINGLE (Line Drive, 7S)
Batting: RHB Wes O'Mulhill 0-0: Ball
1-0: Sac Bunt - play at first, batter OUT! 1-3
Domingo Morín to second
Batting: RHB Jorge Rodríguez 0-0: Called Strike
0-1: Ball
1-1: Called Strike
1-2: Fly out, F4 (Popup, 4)
Batting: RHB Javier De La Garza 0-0: Called Strike
0-1: Swinging Strike
0-2: Ball
1-2: Ball
2-2: Ground out 6-3 (Groundball, 56)
Bottom of the 9th over - 0 runs, 1 hit, 0 errors, 1 left on base; Athletic Club KC 4 - Connetquot 3
Saturday, December 22nd, 2018 - OOTP Baseball 18.8 Build 76